 Dungeon Sprint DCSS version 0.21-a0-221-gfe971b9 (webtiles) character file.

254 potatolord6000 the Demonic Catastrophe (level 8, -3/69 HPs)
             Began as a Demonspawn Gladiator on Aug 24, 2017.
             Was an Elder of Qazlal.
             Slain by a giant anaconda (12 damage)
             ... in the Dungeon (Sprint VI: "Thunderdome").
             The game lasted 00:07:58 (675 turns).

potatolord6000 the Demonic Catastrophe (DsGl)        Turns: 675, Time: 00:07:58

Health: -3/69      AC: 11    Str: 15    XL:     8   Next: 12%
Magic:  1/15       EV: 16    Int: 16    God:    Qazlal [****..]
Gold:   120        SH:  5    Dex: 23    Spells: 16/16 levels left

rFire    + . .     SeeInvis .   a - +0 quarterstaff
rCold    . . .     Gourm    .   (shield currently unavailable)
rNeg     . . .     Faith    +   b - +0 leather armour
rPois    .         Spirit   .   (helmet restricted)
rElec    +         Reflect  .   (no cloak)
rCorr    .         Harm     .   (no gloves)
MR       .....     NoTele   +   (no boots)
Stlth    +.........             m - amulet of Geto {Faith rElec Int+2 Slay+3}
HPRegen  0.21/turn              c - ring of Winter {Wiz Dex+7}
MPRegen  0.14/turn              d - ring of Ity Wes {AC+6 Int+4}

@: constricted, repel missiles
A: antennae 1, thin metallic scales 1, demonic guardian 1, fire resistance 1
a: Upheaval, Elemental Force, Renounce Religion


You were in the Dungeon.
You worshipped Qazlal.
Qazlal was greatly pleased with you.
You were not hungry.

You visited 1 branch You collected 600 gold pieces.
You spent 480 gold pieces at shops.

Inventory:

Hand Weapons
 a - a +0 quarterstaff (weapon)
Armour
 b - a +0 leather armour (worn)
Jewellery
 c - the ring of Winter (left hand) {Wiz Dex+7}
   (You bought it in a shop in the Dungeon)

   [ring of wizardry]

   It improves your spell success rate.
   It affects your dexterity (+7).
 d - the ring of Ity Wes (right hand) {AC+6 Int+4}
   (You bought it in a shop in the Dungeon)

   [ring of protection]

   It affects your AC (+6).
   It affects your intelligence (+4).
 m - the amulet of Geto (around neck) {Faith rElec Int+2 Slay+3}
   (You bought it in a shop in the Dungeon)

   [amulet of faith]

   It allows you to gain divine favour quickly.
   It affects your intelligence (+2).
   It affects your accuracy and damage with ranged weapons and melee attacks
   (+3).
   It insulates you from electricity.
Scrolls
 k - 4 scrolls of blinking
 n - 2 scrolls of identify
Potions
 h - 2 potions of haste
 i - 2 potions of magic
 j - a potion of berserk rage
 l - a potion of resistance
Comestibles
 f - a bread ration


   Skills:
 + Level 8.6 Fighting
 + Level 8.5 Staves
 - Level 1.8 Throwing
 - Level 2.9 Armour
 + Level 8.6 Dodging
 + Level 4.8 Spellcasting
 + Level 9.7 Invocations


You had 16 spell levels left.
You didn't know any spells.

Dungeon Overview and Level Annotations

Branches:
Dungeon (1/1)

Altars:
Cheibriados
Dithmenos
Fedhas
Gozag
Kikubaaqudgha
Makhleb
Okawaru
Qazlal
Ru
Sif Muna
Trog
Uskayaw
Vehumet
Wu Jian
Xom
Yredelemnul
Zin
The Shining One
Beogh
Jiyva
Lugonu

Shops:
D *[%??*?*:[((!!!!


Innate Abilities, Weirdness & Mutations

You have a pair of small antennae on your head.
You are partially covered in thin metallic scales. (AC +2)
A weak demonic guardian rushes to your aid.
Your flesh is heat resistant. (rF+)


Message History

Your iron imp misses the giant anaconda.
Your ufetubus misses the giant anaconda. x2
You sock the giant anaconda!
The giant anaconda is heavily wounded.
The giant anaconda bites you! The giant anaconda constricts you.
Your ufetubus closely misses the giant anaconda.
Your ufetubus misses the giant anaconda.
The giant anaconda barely misses you. The giant anaconda constricts you.
Unknown command.
Clouds arounds you coalesce and take form!
The giant anaconda bites you!
* * * LOW HITPOINT WARNING * * *
x2 The giant anaconda constricts you.
Your iron imp closely misses the giant anaconda.
The giant anaconda bites you!
* * * LOW HITPOINT WARNING * * *
x2 The giant anaconda constricts you.
Your ufetubus hits the giant anaconda.
Your ufetubus barely misses the giant anaconda.
You feel better. The giant anaconda bites you!
You die...

#.....# ##.....## ##∩.....∩##
#∩.......∩# #_......._#
#_......._# #E..§.....#
###E@S5)....###
#⌠.E.5.......⌠#
######÷8.§§E.....8.######
##∩__.......###......__.∩##
###∩........8.# #.8........∩#
##.............###....(.......
#⌠..........###...###.........
#⌠..........# #.<.# #.........
#⌠..........###...###.........


You could see a giant anaconda, 2 friendly earth elementals, a friendly fire
elemental, a friendly air elemental, a friendly iron imp and a friendly
ufetubus.

Vanquished Creatures
  A blink frog (D)
  A naga (D)
  A phantom (D)
  2 necrophages (D)
  A bullfrog (D)
  A wight (D)
  4 orc priests (D)
  Terence (D)
  An adder (D)
  A bat (D)
  A bat skeleton (D)
  A bat zombie (D)
  A goblin (D)
  A giant cockroach zombie (D)
18 creatures vanquished.

Vanquished Creatures (collateral kills)
  2 blink frogs (D)
  2 bullfrogs (D)
4 creatures vanquished.

Grand Total: 22 creatures vanquished

Notes
Turn   | Place    | Note
-------+----------+-------------------------------------------
     0 | D        | potatolord6000 the Demonspawn Gladiator began the quest for the Orb.
     0 | D        | Reached XP level 1. HP: 16/16 MP: 1/1
     3 | D        | Found a corrupted altar of Lugonu.
     3 | D        | Found a glowing golden altar of the Shining One.
     4 | D        | Found an ancient bone altar of Kikubaaqudgha.
     4 | D        | Found a glowing silver altar of Zin.
     5 | D        | Found a blossoming altar of Fedhas.
     5 | D        | Found a shadowy altar of Dithmenos.
     5 | D        | Round 1.
     6 | D        | Found Monkoabb's Identification Station.
     6 | D        | Found a deep blue altar of Sif Muna.
     6 | D        | Found Hemiogg's Bee Food.
     7 | D        | Found Focuf's Advanced Armour.
     7 | D        | Found Awiu's Jewellery.
     9 | D        | Found an iron altar of Okawaru.
    10 | D        | Found Osutotipt's Premium Goods.
    11 | D        | Found a basalt altar of Yredelemnul.
    11 | D        | Found a stormy altar of Qazlal.
    11 | D        | Found an ornate altar of the Wu Jian Council.
    11 | D        | Found Wopuv's Weapon Rack.
    11 | D        | Found Tepyb's Miscellaneous Merchandise.
    11 | D        | Found Amamele's Basic Armour.
    15 | D        | Found a radiant altar of Vehumet.
    16 | D        | Found a bloodstained altar of Trog.
    17 | D        | Found a sacrificial altar of Ru.
    18 | D        | Found Totagew's Do-It-Yourself Clinic.
    19 | D        | Found Duacretz's Bottled Wisdom.
    19 | D        | Found Nuehusch's Distillery.
    19 | D        | Found a burning altar of Makhleb.
    19 | D        | Found a viscous altar of Jiyva.
    19 | D        | Found Detub's Distillery.
    34 | D        | Gained mutation: You have a pair of small antennae on your head. [demonic ancestry]
    34 | D        | Reached XP level 2. HP: 19/23 MP: 2/2
    36 | D        | Found a shimmering altar of Xom.
    37 | D        | Found a snail-covered altar of Cheibriados.
    42 | D        | Found Xonenk's Staff Store.
    43 | D        | Found a hide-covered altar of Uskayaw.
    43 | D        | Found a roughly hewn altar of Beogh.
    43 | D        | Found an opulent altar of Gozag.
    43 | D        | Found Caibrash's Magic Scroll Shop.
    43 | D        | Found Meliedak's Must-Have Magic.
    43 | D        | Found Loymop's Magic Scroll Shop.
    84 | D        | Became a worshipper of Qazlal Stormbringer
   134 | D        | Noticed Terence
   147 | D        | Killed Terence
   147 | D        | Arena points: 12 (+12) [x2]
   147 | D        | Reached skill level 1 in Armour
   147 | D        | Gained mutation: You are partially covered in thin metallic scales. (AC +2) [demonic ancestry]
   147 | D        | Reached XP level 3. HP: 14/29 MP: 3/3
   176 | D        | Round 2.
   209 | D        | Reached * piety under Qazlal
   209 | D        | Reached skill level 5 in Dodging
   209 | D        | Gained mutation: Your flesh is heat resistant. (rF+) [demonic ancestry]
   209 | D        | Reached XP level 4. HP: 26/37 MP: 4/4
   227 | D        | Noticed a phantom
   227 | D        | Noticed a necrophage
   242 | D        | Killed a necrophage
   242 | D        | Reached skill level 5 in Fighting
   242 | D        | Reached skill level 5 in Staves
   242 | D        | Reached skill level 4 in Invocations
   242 | D        | Gained mutation: A weak demonic guardian rushes to your aid. [demonic ancestry]
   242 | D        | Reached XP level 5. HP: 29/43 MP: 4/8
   253 | D        | Noticed a necrophage
   258 | D        | Killed a necrophage
   258 | D        | Reached skill level 5 in Invocations
   264 | D        | Killed a phantom
   264 | D        | Reached ** piety under Qazlal
   264 | D        | Reached skill level 6 in Invocations
   264 | D        | Reached XP level 6. HP: 31/52 MP: 5/11
   323 | D        | Arena points: 54 (+42) [x3]
   381 | D        | Round 3.
   388 | D        | Reached skill level 1 in Spellcasting
   394 | D        | Reached *** piety under Qazlal
   394 | D        | Reached skill level 7 in Invocations
   433 | D        | Bought a smoking copper ring for 45 gold pieces
   433 | D        | Bought a coiled bone ring for 45 gold pieces
   433 | D        | Bought a brightly glowing garnet amulet for 45 gold pieces
   449 | D        | Arena points: 114 (+60) [x4]
   459 | D        | Bought 3 scrolls of identify for 150 gold pieces
   459 | D        | Identified the ring of Winter {Wiz Dex+7} (You bought it in a shop in the Dungeon)
   460 | D        | Identified the ring of Ity Wes {AC+6 Int+4} (You bought it in a shop in the Dungeon)
   461 | D        | Identified the amulet of Garogot {Inacc +Fly} (You bought it in a shop in the Dungeon)
   466 | D        | Round 4.
   475 | D        | Bought an ancient steel amulet for 45 gold pieces
   496 | D        | Noticed a blink frog
   497 | D        | Noticed a blink frog
   500 | D        | Noticed a blink frog
   522 | D        | Killed a blink frog
   522 | D        | Reached skill level 8 in Invocations
   522 | D        | Reached XP level 7. HP: 47/60 MP: 6/13
   523 | D        | Killed a blink frog
   540 | D        | Killed a blink frog
   540 | D        | Reached **** piety under Qazlal
   540 | D        | Reached skill level 9 in Invocations
   625 | D        | Arena points: 254 (+140) [x5]
   644 | D        | Bought 3 scrolls of identify for 150 gold pieces
   644 | D        | Identified the amulet of Geto {Faith rElec Int+2 Slay+3} (You bought it in a shop in the Dungeon)
   659 | D        | Round 5.
   663 | D        | Noticed a giant anaconda
   669 | D        | Reached XP level 8. HP: 64/69 MP: 10/15
   674 | D        | HP: 3/69 [giant anaconda (1)]
   675 | D        | Slain by a giant anaconda

Vault maps used:
D:        arena_sprint

Skill      XL: |  1  2  3  4  5  6  7 |
---------------+----------------------+-----
Staves         | 3 4 5 6 7 8 |  8.5
Dodging        | 3 4 5 6 7 8 |  8.6
Fighting       | 3 4 5 6 7 8 |  8.6
Armour         | 1 2 |  2.9
Invocations    | 4 6 8 9 |  9.7
Spellcasting   | 3 4 |  4.8
Throwing       | |  1.8

Action                   |  1- 3 |  4- 6 |  7- 9 || total
-------------------------+-------+-------+-------++-------
Melee: Quarterstaff      |    35 |    59 |    18 ||   112
Invok: Elemental Force   |       |     1 |     1 ||     2
       Upheaval          |       |       |     2 ||     2
  Use: Potion            |     1 |     4 |     2 ||     7
       Scroll            |       |     3 |     1 ||     4
 Stab: Distracted        |       |     1 |       ||     1
Armor: Leather armour    |     8 |     8 |     4 ||    20
Dodge: Dodged            |    37 |    27 |    13 ||    77
Block: Other             |       |     7 |     5 ||    12

Table legend:
 A = Spawn XP
 B = Non-spawn XP
 C = Spawn XP percentage of total XP
 D = Spawn monster count
 E = Non-spawn monster count
 F = Spawn count percentage of total count
 G = Total turns spent on level
                    A         B        C        D         E        F      G
               +---------+---------+-------+---------+---------+-------+---------
         Total |       0 |    1592 |   0.0 |       0 |      22 |   0.0 |   675
               +---------+---------+-------+---------+---------+-------+---------
             D |       0 |    1592 |   0.0 |       0 |      22 |   0.0 |   675
               +---------+---------+-------+---------+---------+-------+---------
